[ AOE2 MATCH · #473436235 ]
Team RMEthiopians vs Byzantines
[ REPLAY ANALYSIS · EXTRACTED FROM THE RECORDED GAME ]
Feudal
11:44
Castle
21:39
Imperial
36:16
| APM avg | 30.8 |
| APM peak | 53 |
| eAPM avg | 18.5 |
| Villagers / military | 130 / 104 |
Focus
⚔️ 32.2% · 🌾 67.8%
Shotel Warrior ×88 · Skirmisher ×8 · Militia ×7 · Spearman ×1
Feudal
12:41
Castle
20:43
Imperial
—
| APM avg | 29.2 |
| APM peak | 84 |
| eAPM avg | 16.9 |
| Villagers / military | 91 / 90 |
Focus
⚔️ 23.8% · 🌾 76.2%
Camel Scout ×43 · Knight ×26 · Battering Ram ×12 · Petard ×9
Feudal
12:23
Castle
18:19
Imperial
34:15
| APM avg | 21.2 |
| APM peak | 98 |
| eAPM avg | 9.5 |
| Villagers / military | 58 / 47 |
Focus
⚔️ 37.4% · 🌾 62.6%
Knight ×44 · Trebuchet (Packed) ×3
Feudal
11:47
Castle
19:21
Imperial
—
| APM avg | 21.2 |
| APM peak | 63 |
| eAPM avg | 12.9 |
| Villagers / military | 96 / 123 |
Focus
⚔️ 34.1% · 🌾 65.9%
Spearman ×71 · Archer ×33 · Cataphract ×19
Match map
Resources at game start + every placement click. Thick line = wall · dashed box = detected house wall. 🟡 gold · ⚪ stone · 🟢 berries · 🔶 boar · ⭕ relic
Inputs per minute
— [M] Nico - - BayofDeath1
Build order — [M] Nico
First 150 of 334 actions detected
| 0:03 | Build | House |
| 0:04 | Build | House |
| 0:12 | Create | Villager (Male) |
| 0:12 | Create | Villager (Male) |
| 0:13 | Create | Villager (Male) |
| 0:13 | Create | Villager (Male) |
| 1:36 | Create | Villager (Male) |
| 1:37 | Create | Villager (Male) |
| 2:08 | Create | Villager (Male) |
| 2:27 | Build | Lumber Camp |
| 2:33 | Create | Villager (Male) |
| 2:34 | Create | Villager (Male) |
| 3:01 | Create | Villager (Male) |
| 3:16 | Create | Villager (Male) |
| 3:42 | Create | Villager (Male) |
| 3:42 | Create | Villager (Male) |
| 4:02 | Build | House |
| 4:03 | Build | House |
| 4:05 | Create | Villager (Male) |
| 4:05 | Create | Villager (Male) |
| 4:27 | Create | Villager (Male) |
| 4:27 | Create | Villager (Male) |
| 6:12 | Build | Mill |
| 6:39 | Create | Villager (Male) |
| 6:40 | Create | Villager (Male) |
| 7:16 | Build | Barracks |
| 7:19 | Create | Villager (Male) |
| 7:31 | Create | Villager (Male) |
| 7:39 | Create | Villager (Male) |
| 7:39 | Create | Villager (Male) |
| 8:01 | Create | Villager (Male) |
| 8:26 | Research | Loom |
| 8:54 | Build | Mill |
| 9:21 | Research | Feudal Age |
| 9:45 | Create | Militia |
| 9:45 | Create | Militia |
| 9:45 | Create | Militia |
| 9:49 | Create | Militia |
| 9:49 | Create | Militia |
| 9:49 | Create | Militia |
| 10:23 | Create | Militia |
| 10:45 | Build | Farm |
| 10:45 | Build | Farm |
| 10:45 | Build | Farm |
| 11:11 | Build | Farm |
| 11:44 | Age | Feudal Age |
| 11:48 | Research | Man-at-Arms (upgrade) |
| 11:48 | Create | Villager (Male) |
| 11:48 | Create | Villager (Male) |
| 11:52 | Build | House |
| 12:00 | Research | Double-Bit Axe |
| 12:04 | Research | Horse Collar |
| 12:08 | Build | Farm |
| 12:08 | Build | Farm |
| 12:12 | Build | Farm |
| 12:43 | Create | Villager (Male) |
| 12:43 | Create | Villager (Male) |
| 12:50 | Build | Archery Range |
| 13:06 | Create | Villager (Male) |
| 13:10 | Build | Farm |
| 13:10 | Build | Farm |
| 13:26 | Create | Villager (Male) |
| 13:48 | Build | House |
| 13:50 | Create | Skirmisher |
| 13:59 | Create | Villager (Male) |
| 14:03 | Build | Farm |
| 14:12 | Create | Villager (Male) |
| 14:33 | Build | Farm |
| 14:35 | Build | Farm |
| 14:39 | Build | Farm |
| 14:40 | Create | Villager (Male) |
| 14:40 | Create | Villager (Male) |
| 15:00 | Create | Skirmisher |
| 15:05 | Create | Skirmisher |
| 15:06 | Create | Villager (Male) |
| 15:09 | Build | Farm |
| 15:28 | Build | Farm |
| 15:30 | Create | Villager (Male) |
| 15:44 | Build | House |
| 15:45 | Build | House |
| 15:47 | Build | House |
| 16:06 | Create | Skirmisher |
| 16:14 | Create | Villager (Male) |
| 16:39 | Create | Skirmisher |
| 16:40 | Create | Villager (Male) |
| 17:05 | Build | House |
| 17:06 | Build | House |
| 17:34 | Create | Skirmisher |
| 17:48 | Build | Market |
| 18:41 | Create | Skirmisher |
| 18:59 | Research | Castle Age |
| 18:59 | Research | Castle Age |
| 19:17 | Create | Spearman |
| 19:33 | Build | House |
| 19:34 | Build | House |
| 19:36 | Build | House |
| 19:41 | Create | Skirmisher |
| 19:59 | Build | Farm |
| 19:59 | Build | Farm |
| 20:34 | Build | House |
| 20:36 | Build | House |
| 20:38 | Build | House |
| 21:39 | Age | Castle Age |
| 21:51 | Build | Town Center |
| 22:02 | Build | Town Center |
| 22:35 | Build | Blacksmith |
| 22:38 | Create | Villager (Male) |
| 22:38 | Create | Villager (Male) |
| 22:38 | Create | Villager (Male) |
| 22:56 | Build | House |
| 22:57 | Build | House |
| 23:07 | Create | Villager (Male) |
| 23:24 | Research | Fletching |
| 23:49 | Create | Villager (Male) |
| 23:49 | Create | Villager (Male) |
| 23:49 | Create | Villager (Male) |
| 24:02 | Create | Villager (Male) |
| 24:02 | Create | Villager (Male) |
| 24:03 | Create | Villager (Male) |
| 24:03 | Create | Villager (Male) |
| 24:07 | Build | Farm |
| 24:08 | Build | Farm |
| 24:08 | Build | Farm |
| 24:08 | Build | Farm |
| 24:08 | Build | Farm |
| 24:09 | Build | Farm |
| 24:11 | Create | Villager (Male) |
| 24:12 | Create | Villager (Male) |
| 24:16 | Build | House |
| 24:37 | Build | Town Center |
| 24:40 | Create | Villager (Male) |
| 24:40 | Create | Villager (Male) |
| 24:40 | Create | Villager (Male) |
| 24:51 | Create | Villager (Male) |
| 24:52 | Create | Villager (Male) |
| 25:16 | Build | Farm |
| 25:16 | Build | Farm |
| 25:17 | Build | Farm |
| 25:21 | Build | House |
| 25:22 | Create | Villager (Male) |
| 25:22 | Create | Villager (Male) |
| 25:22 | Create | Villager (Male) |
| 25:39 | Create | Villager (Male) |
| 25:40 | Create | Villager (Male) |
| 25:57 | Build | House |
| 25:58 | Create | Villager (Male) |
| 25:59 | Create | Villager (Male) |
| 25:59 | Create | Villager (Male) |
| 26:17 | Build | Farm |
| 26:18 | Create | Villager (Male) |
Build order — BayofDeath1
First 150 of 229 actions detected
| 0:02 | Create | Villager (Male) ×4 |
| 0:02 | Create | Villager (Male) ×4 |
| 0:05 | Build | House |
| 0:07 | Build | House |
| 0:07 | Build | House |
| 1:31 | Create | Villager (Male) |
| 2:00 | Create | Villager (Male) |
| 2:18 | Build | Lumber Camp |
| 2:47 | Create | Villager (Male) |
| 3:15 | Create | Villager (Male) |
| 3:17 | Research | Loom |
| 3:18 | Research | Loom |
| 3:24 | Create | Villager (Male) ×2 |
| 4:15 | Create | Villager (Male) ×2 |
| 5:20 | Create | Villager (Male) |
| 5:31 | Create | Villager (Male) |
| 5:31 | Create | Villager (Male) |
| 5:31 | Create | Villager (Male) |
| 6:09 | Create | Villager (Male) |
| 6:09 | Create | Villager (Male) |
| 6:29 | Build | House |
| 6:33 | Build | House |
| 6:44 | Create | Villager (Male) |
| 7:14 | Build | Mill |
| 7:49 | Build | Mill |
| 7:58 | Create | Villager (Male) |
| 7:58 | Create | Villager (Male) |
| 8:22 | Build | Palisade Wall |
| 8:44 | Build | Palisade Wall |
| 8:51 | Build | Palisade Wall |
| 8:56 | Build | Building 804 |
| 9:08 | Research | Loom |
| 9:23 | Build | Palisade Wall |
| 9:50 | Build | Palisade Wall |
| 10:26 | Build | Lumber Camp |
| 10:31 | Research | Feudal Age |
| 10:43 | Build | House |
| 10:46 | Build | House |
| 10:48 | Build | House |
| 10:50 | Build | House |
| 11:13 | Build | Palisade Wall |
| 11:39 | Build | Palisade Wall |
| 11:57 | Build | Palisade Wall |
| 12:12 | Build | Mining Camp |
| 12:26 | Build | House |
| 12:33 | Build | Palisade Wall |
| 12:41 | Age | Feudal Age |
| 12:44 | Build | Palisade Wall |
| 12:54 | Create | Villager (Male) |
| 12:54 | Create | Villager (Male) |
| 13:00 | Research | Double-Bit Axe |
| 13:15 | Build | Stone Wall |
| 13:23 | Build | Farm |
| 13:25 | Create | Villager (Male) |
| 13:25 | Create | Villager (Male) |
| 13:40 | Build | Lumber Camp |
| 13:46 | Build | Farm |
| 13:46 | Build | Farm |
| 13:47 | Build | Farm |
| 13:48 | Build | Farm |
| 13:51 | Build | Farm |
| 13:54 | Create | Villager (Male) |
| 13:54 | Create | Villager (Male) |
| 14:16 | Build | House |
| 14:17 | Build | House |
| 14:19 | Build | House |
| 14:21 | Build | House |
| 14:31 | Create | Villager (Male) |
| 14:42 | Build | Farm |
| 14:44 | Create | Villager (Male) |
| 15:06 | Create | Villager (Male) |
| 15:06 | Create | Villager (Male) |
| 15:29 | Build | Farm |
| 15:31 | Create | Villager (Male) |
| 15:32 | Create | Villager (Male) |
| 15:45 | Build | Market |
| 16:09 | Build | Mining Camp |
| 16:15 | Build | Farm |
| 16:24 | Create | Villager (Male) |
| 16:24 | Create | Villager (Male) |
| 16:43 | Create | Villager (Male) |
| 16:54 | Build | Blacksmith |
| 16:57 | Build | House |
| 17:12 | Build | Farm |
| 17:16 | Build | Farm |
| 17:25 | Create | Villager (Male) |
| 17:34 | Research | Horse Collar |
| 18:03 | Research | Castle Age |
| 18:12 | Build | Barracks |
| 18:22 | Build | Farm |
| 18:27 | Build | Farm |
| 18:32 | Build | Farm |
| 18:57 | Research | Wheelbarrow |
| 19:14 | Build | Stable |
| 19:19 | Build | House |
| 19:20 | Build | House |
| 19:31 | Research | Gold Mining |
| 20:10 | Build | Stable |
| 20:22 | Research | Scale Barding Armor |
| 20:25 | Research | Forging |
| 20:33 | Research | Bloodlines |
| 20:43 | Age | Castle Age |
| 21:04 | Build | House |
| 21:06 | Build | House |
| 21:35 | Create | Villager (Male) |
| 21:35 | Create | Villager (Male) |
| 21:39 | Build | Farm |
| 21:42 | Build | Farm |
| 21:44 | Research | Heavy Plow |
| 21:48 | Research | Bow Saw |
| 21:51 | Build | Farm |
| 21:53 | Create | Villager (Male) |
| 22:06 | Research | Husbandry |
| 22:15 | Create | Knight ×3 |
| 22:35 | Build | Town Center |
| 22:43 | Build | Farm |
| 22:51 | Create | Knight |
| 22:59 | Create | Villager (Male) |
| 22:59 | Create | Villager (Male) |
| 23:02 | Research | Husbandry |
| 23:38 | Create | Knight |
| 23:51 | Create | Knight |
| 24:10 | Build | Siege Workshop |
| 24:33 | Create | Knight |
| 24:41 | Research | Forging |
| 25:15 | Create | Knight ×2 |
| 25:20 | Create | Villager (Male) |
| 25:20 | Create | Villager (Male) |
| 25:29 | Create | Villager (Male) ×5 |
| 25:44 | Create | Knight ×2 |
| 25:59 | Create | Knight |
| 26:18 | Build | Town Center |
| 26:26 | Create | Villager (Male) |
| 26:26 | Create | Villager (Male) |
| 26:27 | Create | Villager (Male) |
| 26:27 | Create | Villager (Male) |
| 26:35 | Build | Mining Camp |
| 26:46 | Create | Knight ×2 |
| 27:04 | Create | Villager (Male) |
| 27:04 | Create | Villager (Male) |
| 27:20 | Create | Knight ×2 |
| 27:56 | Create | Camel Scout ×4 |
| 28:28 | Create | Camel Scout ×3 |
| 28:28 | Create | Camel Scout ×3 |
| 28:58 | Create | Camel Scout ×4 |
| 29:01 | Create | Villager (Male) |
| 29:01 | Create | Villager (Male) |
| 29:10 | Build | Farm |
| 29:10 | Build | Farm |
| 29:11 | Build | Farm |
Build order — RudiRage
135 actions detected in the replay
| 0:10 | Create | Villager (Male) |
| 0:10 | Create | Villager (Male) |
| 0:11 | Create | Villager (Male) |
| 0:11 | Create | Villager (Male) |
| 1:19 | Create | Villager (Male) |
| 1:19 | Create | Villager (Male) |
| 1:58 | Build | Lumber Camp |
| 2:03 | Create | Villager (Male) |
| 2:03 | Create | Villager (Male) |
| 2:10 | Create | Villager (Male) |
| 3:03 | Create | Villager (Male) |
| 3:03 | Create | Villager (Male) |
| 3:45 | Create | Villager (Male) |
| 3:46 | Create | Villager (Male) |
| 4:25 | Create | Villager (Male) |
| 4:25 | Create | Villager (Male) |
| 4:26 | Create | Villager (Male) |
| 4:47 | Create | Villager (Male) |
| 4:48 | Create | Villager (Male) |
| 5:13 | Create | Villager (Male) |
| 5:13 | Create | Villager (Male) |
| 6:07 | Build | Mill |
| 6:26 | Create | Villager (Male) |
| 6:26 | Create | Villager (Male) |
| 6:27 | Create | Villager (Male) |
| 6:27 | Create | Villager (Male) |
| 7:00 | Build | Mining Camp |
| 7:19 | Create | Villager (Male) |
| 7:19 | Create | Villager (Male) |
| 7:46 | Create | Villager (Male) |
| 7:46 | Create | Villager (Male) |
| 7:51 | Create | Villager (Male) |
| 8:16 | Build | Mining Camp |
| 8:29 | Create | Villager (Male) |
| 10:13 | Research | Feudal Age |
| 10:14 | Research | Feudal Age |
| 11:23 | Build | Farm |
| 11:23 | Build | Farm |
| 11:24 | Build | Farm |
| 11:24 | Build | Farm |
| 12:23 | Age | Feudal Age |
| 12:59 | Build | Barracks |
| 13:09 | Build | Watch Tower |
| 13:45 | Build | Stone Wall |
| 14:32 | Build | Market |
| 14:38 | Build | Blacksmith |
| 15:07 | Build | Stone Wall |
| 15:20 | Build | Stone Wall |
| 15:29 | Build | Stone Wall |
| 15:39 | Research | Castle Age |
| 16:10 | Build | Farm |
| 16:10 | Build | Farm |
| 16:11 | Build | Farm |
| 16:12 | Build | Farm |
| 16:13 | Build | Farm |
| 16:13 | Build | Farm |
| 16:14 | Build | Farm |
| 16:23 | Create | Villager (Male) |
| 16:23 | Create | Villager (Male) |
| 16:24 | Create | Villager (Male) |
| 16:37 | Build | Stone Wall |
| 17:27 | Research | Stone Mining |
| 18:19 | Age | Castle Age |
| 18:43 | Build | Castle |
| 19:00 | Research | Double-Bit Axe |
| 19:25 | Create | Villager (Male) |
| 19:25 | Create | Villager (Male) |
| 19:25 | Create | Villager (Male) |
| 19:25 | Create | Villager (Male) |
| 19:26 | Create | Villager (Male) |
| 19:26 | Create | Villager (Male) |
| 19:26 | Create | Villager (Male) |
| 19:27 | Create | Villager (Male) |
| 20:33 | Research | Horse Collar |
| 21:28 | Build | Building 490 |
| 21:42 | Build | Stable |
| 21:47 | Build | Stable |
| 23:08 | Build | Town Center |
| 23:29 | Build | Building 673 |
| 24:11 | Create | Knight ×5 |
| 25:23 | Research | Husbandry |
| 25:23 | Research | Bloodlines |
| 25:29 | Create | Knight |
| 25:29 | Create | Knight |
| 25:30 | Create | Knight |
| 25:34 | Create | Knight |
| 25:41 | Research | Forging |
| 25:42 | Research | Scale Barding Armor |
| 26:08 | Create | Villager (Male) |
| 26:09 | Create | Villager (Male) |
| 26:09 | Create | Villager (Male) |
| 26:09 | Create | Villager (Male) |
| 26:32 | Create | Knight |
| 26:58 | Create | Knight |
| 26:58 | Create | Knight |
| 30:18 | Create | Villager (Male) |
| 30:18 | Create | Villager (Male) |
| 30:18 | Create | Villager (Male) |
| 30:19 | Create | Villager (Male) |
| 30:19 | Create | Villager (Male) |
| 30:19 | Create | Villager (Male) |
| 30:21 | Create | Villager (Male) |
| 30:21 | Create | Villager (Male) |
| 30:51 | Build | Castle |
| 31:05 | Research | Imperial Age |
| 31:32 | Create | Villager (Male) |
| 31:32 | Create | Villager (Male) |
| 31:32 | Create | Villager (Male) |
| 31:33 | Create | Villager (Male) |
| 31:33 | Create | Villager (Male) |
| 31:53 | Build | Farm |
| 31:53 | Build | Farm |
| 32:00 | Build | Farm |
| 32:00 | Build | Farm |
| 32:06 | Build | Farm |
| 32:06 | Build | Farm |
| 32:28 | Build | Stone Wall |
| 32:35 | Build | Stone Wall |
| 32:44 | Build | Stone Wall |
| 32:50 | Build | Stone Wall |
| 33:21 | Build | Stable |
| 33:24 | Build | Stable |
| 34:15 | Age | Imperial Age |
| 34:23 | Research | Cavalier (upgrade) |
| 35:14 | Create | Knight ×5 |
| 35:14 | Create | Knight ×5 |
| 35:15 | Create | Knight ×5 |
| 35:15 | Create | Knight ×5 |
| 35:56 | Research | Iron Casting |
| 37:48 | Create | Knight ×4 |
| 37:49 | Create | Knight ×4 |
| 37:49 | Create | Knight ×4 |
| 39:51 | Create | Trebuchet (Packed) |
| 39:51 | Create | Trebuchet (Packed) |
| 39:51 | Create | Trebuchet (Packed) |
Build order — BaseBuilder
First 150 of 249 actions detected
| 0:00 | Create | Villager (Male) |
| 0:01 | Create | Villager (Male) |
| 0:03 | Build | House |
| 0:04 | Build | House |
| 0:54 | Create | Villager (Male) |
| 0:54 | Create | Villager (Male) |
| 0:54 | Create | Villager (Male) |
| 0:55 | Create | Villager (Male) |
| 1:27 | Create | Villager (Male) |
| 1:27 | Create | Villager (Male) |
| 1:27 | Create | Villager (Male) |
| 1:50 | Build | Lumber Camp |
| 2:21 | Create | Villager (Male) |
| 2:21 | Create | Villager (Male) |
| 2:21 | Create | Villager (Male) |
| 2:22 | Create | Villager (Male) |
| 2:23 | Create | Villager (Male) |
| 3:05 | Create | Villager (Male) |
| 3:05 | Create | Villager (Male) |
| 3:05 | Create | Villager (Male) |
| 3:29 | Create | Villager (Male) |
| 3:30 | Create | Villager (Male) |
| 3:30 | Create | Villager (Male) |
| 3:30 | Create | Villager (Male) |
| 3:46 | Create | Villager (Male) |
| 3:46 | Create | Villager (Male) |
| 3:46 | Create | Villager (Male) |
| 4:11 | Create | Villager (Male) |
| 4:11 | Create | Villager (Male) |
| 4:11 | Create | Villager (Male) |
| 4:48 | Create | Villager (Male) |
| 4:48 | Create | Villager (Male) |
| 4:58 | Build | House |
| 5:07 | Build | Mill |
| 6:12 | Create | Villager (Male) |
| 6:12 | Create | Villager (Male) |
| 6:13 | Create | Villager (Male) |
| 6:13 | Create | Villager (Male) |
| 6:13 | Create | Villager (Male) |
| 6:59 | Build | Barracks |
| 7:08 | Build | House |
| 7:32 | Create | Villager (Male) |
| 7:33 | Create | Villager (Male) |
| 7:33 | Create | Villager (Male) |
| 7:33 | Create | Villager (Male) |
| 8:00 | Build | Mining Camp |
| 8:35 | Build | Mill |
| 8:48 | Create | Villager (Male) |
| 9:37 | Research | Feudal Age |
| 9:55 | Build | Palisade Wall |
| 9:59 | Build | Palisade Wall |
| 10:04 | Build | Palisade Wall |
| 10:09 | Build | Palisade Wall |
| 10:12 | Build | Palisade Wall |
| 10:59 | Build | House |
| 11:47 | Age | Feudal Age |
| 11:51 | Build | Archery Range |
| 12:41 | Create | Archer |
| 12:42 | Create | Archer |
| 12:42 | Create | Archer |
| 12:43 | Create | Archer |
| 12:43 | Create | Archer |
| 12:56 | Build | Watch Tower |
| 13:50 | Build | Archery Range |
| 14:22 | Build | Blacksmith |
| 14:34 | Build | Farm |
| 14:35 | Build | Farm |
| 14:37 | Build | Farm |
| 14:52 | Create | Archer ×2 |
| 14:53 | Create | Archer ×2 |
| 14:53 | Create | Archer ×2 |
| 15:36 | Build | Market |
| 15:42 | Build | House |
| 16:07 | Create | Archer ×4 |
| 16:07 | Create | Archer ×4 |
| 16:07 | Create | Archer ×4 |
| 16:08 | Create | Archer ×4 |
| 16:41 | Research | Castle Age |
| 16:52 | Build | Mining Camp |
| 17:27 | Create | Villager (Male) |
| 17:27 | Create | Villager (Male) |
| 17:33 | Build | Farm |
| 17:37 | Build | Farm |
| 17:38 | Build | Farm |
| 17:39 | Build | Farm |
| 18:04 | Build | Farm |
| 18:38 | Research | Fletching |
| 19:04 | Create | Archer ×2 |
| 19:04 | Create | Archer ×2 |
| 19:05 | Create | Archer ×2 |
| 19:21 | Age | Castle Age |
| 19:36 | Create | Villager (Male) |
| 19:36 | Create | Villager (Male) |
| 19:36 | Create | Villager (Male) |
| 19:37 | Create | Villager (Male) |
| 19:58 | Research | Crossbowman (upgrade) |
| 21:13 | Build | House |
| 21:15 | Build | House |
| 21:18 | Build | House |
| 21:22 | Build | House |
| 21:23 | Build | House |
| 21:24 | Build | House |
| 21:25 | Build | House |
| 21:25 | Build | House |
| 21:30 | Create | Villager (Male) |
| 21:30 | Create | Villager (Male) |
| 21:30 | Create | Villager (Male) |
| 21:31 | Create | Villager (Male) |
| 21:31 | Create | Villager (Male) |
| 21:31 | Create | Villager (Male) |
| 21:31 | Create | Villager (Male) |
| 21:32 | Create | Villager (Male) |
| 22:22 | Create | Villager (Male) |
| 22:22 | Create | Villager (Male) |
| 22:22 | Create | Villager (Male) |
| 22:22 | Create | Villager (Male) |
| 22:23 | Create | Villager (Male) |
| 22:40 | Build | Town Center |
| 23:05 | Build | Farm |
| 23:09 | Create | Villager (Male) |
| 23:09 | Create | Villager (Male) |
| 23:10 | Create | Villager (Male) |
| 23:10 | Create | Villager (Male) |
| 24:28 | Research | Pikeman (upgrade) |
| 24:30 | Create | Spearman |
| 24:30 | Create | Spearman |
| 24:31 | Create | Spearman |
| 24:31 | Create | Spearman |
| 25:33 | Build | Stable |
| 25:39 | Create | Spearman |
| 25:40 | Create | Spearman |
| 25:40 | Create | Spearman |
| 25:41 | Create | Spearman |
| 25:57 | Create | Villager (Male) |
| 25:58 | Create | Villager (Male) |
| 25:58 | Create | Villager (Male) |
| 25:58 | Create | Villager (Male) |
| 25:58 | Create | Villager (Male) |
| 25:59 | Create | Villager (Male) |
| 26:37 | Build | Castle |
| 26:48 | Research | Squires |
| 26:49 | Create | Spearman |
| 26:49 | Create | Spearman |
| 26:49 | Create | Spearman |
| 26:50 | Create | Spearman |
| 27:07 | Build | House |
| 27:08 | Build | House |
| 27:09 | Build | House |
| 27:17 | Create | Spearman |
| 27:17 | Create | Spearman |
Match timeline
| 6:59 | BaseBuilder · first_building Barracks |
| 7:16 | [M] Nico · first_building Barracks |
| 8:22 | BayofDeath1 · wall_segment Palisade Wall x15 |
| 8:44 | BayofDeath1 · wall_segment Palisade Wall x6 |
| 8:51 | BayofDeath1 · wall_segment Palisade Wall x4 |
| 9:23 | BayofDeath1 · wall_segment Palisade Wall x7 |
| 9:50 | BayofDeath1 · wall_segment Palisade Wall x17 |
| 9:55 | BaseBuilder · wall_segment Palisade Wall x2 |
| 9:59 | BaseBuilder · wall_segment Palisade Wall x13 |
| 10:04 | BaseBuilder · wall_segment Palisade Wall x6 |
| 10:09 | BaseBuilder · wall_segment Palisade Wall x12 |
| 10:12 | BaseBuilder · wall_segment Palisade Wall x15 |
| 11:13 | BayofDeath1 · wall_segment Palisade Wall x24 |
| 11:39 | BayofDeath1 · wall_segment Palisade Wall x5 |
| 11:44 | [M] Nico · age_up feudal |
| 11:47 | BaseBuilder · age_up feudal |
| 11:51 | BaseBuilder · first_building Archery Range |
| 11:57 | BayofDeath1 · wall_segment Palisade Wall x1 |
| 12:23 | RudiRage · age_up feudal |
| 12:33 | BayofDeath1 · wall_segment Palisade Wall x3 |
| 12:41 | BayofDeath1 · age_up feudal |
| 12:44 | BayofDeath1 · wall_segment Palisade Wall x3 |
| 12:50 | [M] Nico · first_building Archery Range |
| 12:59 | RudiRage · first_building Barracks |
| 13:15 | BayofDeath1 · wall_segment Stone Wall x8 |
| 13:45 | RudiRage · wall_segment Stone Wall x10 |
| 15:07 | RudiRage · wall_segment Stone Wall x6 |
| 15:20 | RudiRage · wall_segment Stone Wall x17 |
| 15:29 | RudiRage · wall_segment Stone Wall x12 |
| 16:37 | RudiRage · wall_segment Stone Wall x4 |
| 18:12 | BayofDeath1 · first_building Barracks |
| 18:19 | RudiRage · age_up castle |
| 18:25 | RudiRage · first_market_buy 100 stone |
| 18:43 | RudiRage · first_building Castle |
| 18:56 | [M] Nico · first_market_sell 100 food |
| 19:14 | BayofDeath1 · first_building Stable |
| 19:21 | BaseBuilder · age_up castle |
| 19:43 | BaseBuilder · first_market_sell 100 stone |
| 20:43 | BayofDeath1 · age_up castle |
| 21:39 | [M] Nico · age_up castle |
| 21:42 | RudiRage · first_building Stable |
| 22:04 | BayofDeath1 · first_market_buy 100 food |
| 24:10 | BayofDeath1 · first_building Siege Workshop |
| 24:30 | [M] Nico · first_market_buy 100 stone |
| 25:33 | BaseBuilder · first_building Stable |
| 25:42 | BayofDeath1 · first_market_sell 100 food |
| 26:37 | BaseBuilder · first_building Castle |
| 31:39 | [M] Nico · first_building Castle |
| 31:53 | BayofDeath1 · first_building Castle |
| 32:28 | RudiRage · wall_segment Stone Wall x5 |
| 32:28 | BaseBuilder · first_market_buy 100 food |
| 32:35 | RudiRage · wall_segment Stone Wall x16 |
| 32:44 | RudiRage · wall_segment Stone Wall x8 |
| 32:50 | RudiRage · wall_segment Stone Wall x6 |
| 34:15 | RudiRage · age_up imperial |
| 36:16 | [M] Nico · age_up imperial |
| 39:53 | BaseBuilder · resign |
[ AI ANALYSIS · 1 CREDIT ]
What really happened in this match?
Wolo.gg analyzes every decision: build order, eco, micro, common mistakes by bracket. Personalized analysis on WhatsApp or Discord in 30 seconds.
Civ guide
Ethiopians
Map guide
Arabia
Perfil
[M] Nico